Connexion

Wolf Pack vs Bears

Created - 21 janvier 2024 at 08:38

Goals
1 2 3 T
Wolf Pack 1 2 1 4
Bears 1 0 1 2
Shots
1 2 3 T
Wolf Pack 9 15 12 36
Bears 10 19 7 36

GoalsPenalties
1st period
1. Wolf Pack , Dave Gust 21 (Santerri Saari 18, Zac Dalpe 30) at 11:25
2. Bears , Austin Watson 6 (Tyrell Goulbourne 9, Christoffer Ehn 8) at 11:29
Emile Poirier (HAR) for Tripping (Minor) at 19:41
2nd period
3. Wolf Pack , Nick Lappin 14 (Kyle Wood 2, Michael Kapla 16) at 6:06
4. Wolf Pack , Tyler Wotherspoon 10 (Ty Ronning 6, Shane Bowers 14) at 17:49
Kyle Wood (HAR) for Tripping (Minor) at 13:36
3rd period
5. Bears , Christoffer Ehn 3 (Kyle Burroughs 21, Andreas Borgman 19) at 5:40
6. Wolf Pack , Luke Witkowski 13 (Brad Richardson 28) at 11:33 (SH)
Ty Ronning (HAR) for Interference (Minor) at 9:58
Daniel Walcott (HAR) for High sticking (Minor) at 17:20
Goalie Stats
Mads Sogaard (HAR), 34 saves from 36 shots - (0,944), W, 20-20-4, 60:00 minutes
Spencer Martin (HER), 32 saves from 36 shots - (0,889), L, 11-11-1, 60:00 minutes
3 StarsOfficial
1 - Tyler Wotherspoon (HAR)
2 - Christoffer Ehn (HER)
3 - Luke Witkowski (HAR)
Referees : Gord Dwyer and Bill McCreary
Linesman : Thor Nelson and Michel Cormier
Game Note
No Game Note
Finance
Level 1 -- Attendance: 1823 (91,15%) -- Ticket Income $54,690
Level 2 -- Attendance: 878 (87,80%) -- Ticket Income $15,804
Total Attendance: 2701 (90,03%)
Total Ticket Income: $70,494
Other Income: $14,099
Total Income: $84,593



Team Name Goals Shots Shots Attemp Shots Blocked PIM HIT PP PK FO%
Wolf Pack 4365758250 / 0 (0,00%055%
Bears 2366270190 / 4 (0%)045%

Wolf Pack
Player Name POS G A P +/- PIM HIT SHT SB MP PP MP PP SHT PK MP PK SHT FO% FOT
Brad RichardsonC/LW/RW0112026019:190:0001:53075% 4
Cole BardreauC/RW0000011012:070:0000:00067% 9
Daniel WalcottD0001240121:130:0002:5500% 0
Dave GustRW1011014020:570:0003:3100% 0
Emile PoirierLW/RW000023007:400:0001:0100% 1
Henri IkonenC/LW0000003012:070:0000:00050% 2
Jeremy BraccoLW/RW0000003016:300:0000:3900% 1
Joe ThorntonC0000001016:360:0000:45062% 13
Kyle WoodD0110250114:530:0001:0600% 0
Luke WitkowskiRW1011023018:280:0002:37150% 2
Matt DonovanD0001011123:200:0003:2300% 0
Michael KaplaD0110001014:470:0000:5900% 0
Nick LappinC/RW1010014012:070:0000:0000% 0
Santerri SaariD0111001222:070:0003:4800% 0
Shane BowersC/RW011000208:220:0001:42038% 13
Ty RonningRW011021106:390:0000:0000% 0
Tyler WotherspoonD1011032022:590:0003:0200% 0
Zac Dalpe C/LW/RW0111013021:490:0004:23058% 33
Bears
Player Name POS G A P +/- PIM HIT SHT SB MP PP MP PP SHT PK MP PK SHT FO% FOT
Andreas BorgmanD0112002016:050:0000:0000% 0
Arttu RuotsalainenC0000002015:253:0910:00052% 21
Austin WatsonC/LW/RW1012002013:510:0000:0000% 0
Beck MalenstynLW0000050020:080:0000:0000% 0
Buddy RobinsonRW0000012011:413:0900:0000% 1
Chad KrysD000-3011121:114:3000:0000% 0
Christoffer EhnC/LW1122002013:510:0000:00038% 13
Cole KoepkeLW000-4022022:124:4700:000100% 2
Dennis GilbertD000-2015020:544:1340:0000% 0
Gustav OlofssonD000-1002222:203:0200:0000% 0
Jay BeagleC/RW000001308:320:0000:00022% 9
Joona LuotoLW/RW000-3005021:123:4710:0000% 0
Jordie BennD000-1032222:443:2620:0000% 0
Justin DowlingC/LW/RW000-4012022:124:4700:00048% 31
Kyle BurroughsD0111020216:080:4100:0000% 0
Lean BergmannLW/RW0000022014:482:3200:0000% 0
Maxim LetunovC000-100002:491:3700:0000% 0
Tyrell GoulbourneLW0112002013:570:0000:0000% 1



Play-by-Play

1st period


0:01 of 1st period - Justin Dowling wins face-off versus Zac Dalpe in neutral zone.
1:44 of 1st period - Shot by Tyrell Goulbourne.
1:44 of 1st period - Shot Misses the Net.
1:50 of 1st period - Shot by Christoffer Ehn.
1:50 of 1st period - Deflect By Austin Watson.
1:50 of 1st period - Stopped by Mads Sogaard without a rebound.
1:51 of 1st period - Cole Bardreau wins face-off versus Buddy Robinson in Wolf Pack zone.
2:04 of 1st period - Shot by Michael Kapla.
2:04 of 1st period - Shot Misses the Net.
2:47 of 1st period - Shot by Cole Koepke.
2:47 of 1st period - Shot Misses the Net.
2:49 of 1st period - Shot by Joona Luoto.
2:49 of 1st period - Stopped by Mads Sogaard without a rebound.
2:50 of 1st period - Zac Dalpe wins face-off versus Christoffer Ehn in Wolf Pack zone.
3:15 of 1st period - Icing by Christoffer Ehn.
3:16 of 1st period - Shane Bowers wins face-off versus Christoffer Ehn in Bears zone.
3:40 of 1st period - Christoffer Ehn is hit by Emile Poirier and loses puck.
3:55 of 1st period - Shot by Ty Ronning.
3:55 of 1st period - Shot Misses the Net.
3:57 of 1st period - Shot by Santerri Saari.
3:57 of 1st period - Stopped by Spencer Martin without a rebound.
3:58 of 1st period - Joe Thornton wins face-off versus Arttu Ruotsalainen in Bears zone.
4:02 of 1st period - Icing by Jordie Benn.
4:03 of 1st period - Zac Dalpe wins face-off versus Arttu Ruotsalainen in Bears zone.
4:06 of 1st period - Shot by Brad Richardson.
4:06 of 1st period - Stopped by Spencer Martin without a rebound.
4:07 of 1st period - Zac Dalpe wins face-off versus Justin Dowling in Bears zone.
4:08 of 1st period - Shot by Brad Richardson.
4:08 of 1st period - Shot Blocked by Jordie Benn.
4:22 of 1st period - Shot by Dave Gust.
4:22 of 1st period - Stopped by Spencer Martin without a rebound.
4:23 of 1st period - Joe Thornton wins face-off versus Arttu Ruotsalainen in Bears zone.
4:33 of 1st period - Off-side.
4:34 of 1st period - Justin Dowling wins face-off versus Zac Dalpe in neutral zone.
4:47 of 1st period - Shot by Cole Koepke.
4:47 of 1st period - Stopped by Mads Sogaard without a rebound.
4:48 of 1st period - Joe Thornton wins face-off versus Jay Beagle in Wolf Pack zone.
4:50 of 1st period - Jeremy Bracco is hit by Beck Malenstyn and loses puck.
5:45 of 1st period - Shot by Nick Lappin.
5:45 of 1st period - Stopped by Spencer Martin without a rebound.
5:46 of 1st period - Zac Dalpe wins face-off versus Justin Dowling in Bears zone.
6:15 of 1st period - Cole Koepke is hit by Daniel Walcott and loses puck.
6:39 of 1st period - Henri Ikonen is hit by Jordie Benn and loses puck.
7:06 of 1st period - Shot by Nick Lappin.
7:06 of 1st period - Shot Misses the Net.
7:54 of 1st period - Shot by Beck Malenstyn.
7:54 of 1st period - Shot Misses the Net.
7:59 of 1st period - Lean Bergmann is hit by Kyle Wood and loses puck.
8:02 of 1st period - Shot by Lean Bergmann.
8:02 of 1st period - Shot Misses the Net.
8:04 of 1st period - Shot by Arttu Ruotsalainen.
8:04 of 1st period - Shot Misses the Net.
8:06 of 1st period - Shot by Beck Malenstyn.
8:06 of 1st period - Shot Misses the Net.
8:08 of 1st period - Shot by Lean Bergmann.
8:08 of 1st period - Shot Misses the Net.
8:10 of 1st period - Shot by Kyle Burroughs.
8:10 of 1st period - Shot Misses the Net.
8:28 of 1st period - Shot by Maxim Letunov.
8:28 of 1st period - Deflect By Buddy Robinson.
8:28 of 1st period - Shot Misses the Net.
8:38 of 1st period - Shot by Buddy Robinson.
8:38 of 1st period - Stopped by Mads Sogaard with a rebound.
8:41 of 1st period - Maxim Letunov is hit by Kyle Wood and loses puck.
8:54 of 1st period - Justin Dowling is hit by Luke Witkowski and loses puck.
9:04 of 1st period - Cole Koepke is hit by Kyle Wood and loses puck.
9:26 of 1st period - Off-side.
9:27 of 1st period - Zac Dalpe wins face-off versus Christoffer Ehn in neutral zone.
9:51 of 1st period - Shot by Brad Richardson.
9:51 of 1st period - Stopped by Spencer Martin without a rebound.
9:52 of 1st period - Arttu Ruotsalainen wins face-off versus Shane Bowers in Bears zone.
10:43 of 1st period - Icing by Gustav Olofsson.
10:44 of 1st period - Arttu Ruotsalainen wins face-off versus Zac Dalpe in Bears zone.
11:19 of 1st period - Shot by Brad Richardson.
11:19 of 1st period - Stopped by Spencer Martin with a rebound.
11:21 of 1st period - Shot by Daniel Walcott.
11:21 of 1st period - Shot Blocked by Chad Krys.
11:23 of 1st period - Shot by Zac Dalpe .
11:23 of 1st period - Deflect By Dave Gust.
11:23 of 1st period - Shot Misses the Net.
11:25 of 1st period - Shot by Santerri Saari.
11:25 of 1st period - Deflect By Dave Gust.
11:25 of 1st period - Goal by Dave Gust - Wolf Pack : 1 - Bears : 0.
11:26 of 1st period - Christoffer Ehn wins face-off versus Cole Bardreau in neutral zone.
11:29 of 1st period - Shot by Austin Watson.
11:29 of 1st period - Goal by Austin Watson - Wolf Pack : 1 - Bears : 1.
11:30 of 1st period - Cole Bardreau wins face-off versus Christoffer Ehn in neutral zone.
11:54 of 1st period - Off-side.
11:55 of 1st period - Cole Koepke wins face-off versus Jeremy Bracco in neutral zone.
12:21 of 1st period - Shot by Joona Luoto.
12:21 of 1st period - Stopped by Mads Sogaard without a rebound.
12:22 of 1st period - Zac Dalpe wins face-off versus Arttu Ruotsalainen in Wolf Pack zone.
13:57 of 1st period - Shot by Cole Koepke.
13:57 of 1st period - Shot Blocked by Matt Donovan.
14:05 of 1st period - Shot by Luke Witkowski.
14:05 of 1st period - Stopped by Spencer Martin without a rebound.
14:06 of 1st period - Cole Bardreau wins face-off versus Christoffer Ehn in Bears zone.
14:14 of 1st period - Shot by Cole Bardreau.
14:14 of 1st period - Stopped by Spencer Martin without a rebound.
14:15 of 1st period - Christoffer Ehn wins face-off versus Shane Bowers in Bears zone.
14:29 of 1st period - Tyrell Goulbourne is hit by Ty Ronning and loses puck.
14:41 of 1st period - Icing by Ty Ronning.
14:42 of 1st period - Shane Bowers wins face-off versus Jay Beagle in Wolf Pack zone.
14:42 of 1st period - Ty Ronning is hit by Beck Malenstyn and loses puck.
14:47 of 1st period - Shot by Andreas Borgman.
14:47 of 1st period - Stopped by Mads Sogaard with a rebound.
14:49 of 1st period - Shot by Beck Malenstyn.
14:49 of 1st period - Shot Blocked by Kyle Wood.
14:51 of 1st period - Shot by Andreas Borgman.
14:51 of 1st period - Stopped by Mads Sogaard without a rebound.
14:52 of 1st period - Zac Dalpe wins face-off versus Justin Dowling in Wolf Pack zone.
15:03 of 1st period - Shot by Justin Dowling.
15:03 of 1st period - Stopped by Mads Sogaard with a rebound.
15:33 of 1st period - Joona Luoto is hit by Zac Dalpe .
15:59 of 1st period - Dennis Gilbert is hit by Daniel Walcott.
17:13 of 1st period - Daniel Walcott is hit by Kyle Burroughs and loses puck.
17:43 of 1st period - Luke Witkowski is hit by Kyle Burroughs and loses puck.
19:15 of 1st period - Shot by Beck Malenstyn.
19:15 of 1st period - Shot Misses the Net.
19:17 of 1st period - Shot by Jay Beagle.
19:17 of 1st period - Stopped by Mads Sogaard without a rebound.
19:18 of 1st period - Shane Bowers wins face-off versus Jay Beagle in Wolf Pack zone.
19:18 of 1st period - Shane Bowers is hit by Beck Malenstyn.
19:41 of 1st period - Minor Penalty to Emile Poirier for Tripping.
19:42 of 1st period - Zac Dalpe wins face-off versus Justin Dowling in Wolf Pack zone.
Goals for this period are 1 for Wolf Pack vs 1 for Bears .
Shots for this period are 9 for Wolf Pack vs 10 for Bears .

2nd period


0:01 of 2nd period - Justin Dowling wins face-off versus Zac Dalpe in neutral zone.
0:17 of 2nd period - Shot by Cole Koepke.
0:17 of 2nd period - Shot Blocked by Santerri Saari.
0:19 of 2nd period - Shot by Jordie Benn.
0:19 of 2nd period - Stopped by Mads Sogaard without a rebound.
0:20 of 2nd period - Arttu Ruotsalainen wins face-off versus Zac Dalpe in Wolf Pack zone.
0:20 of 2nd period - Arttu Ruotsalainen is hit by Tyler Wotherspoon.
1:00 of 2nd period - Shot by Dennis Gilbert.
1:00 of 2nd period - Stopped by Mads Sogaard without a rebound.
1:01 of 2nd period - Brad Richardson wins face-off versus Justin Dowling in Wolf Pack zone.
1:15 of 2nd period - Icing by Joona Luoto.
1:16 of 2nd period - Justin Dowling wins face-off versus Zac Dalpe in Bears zone.
1:34 of 2nd period - Icing by Cole Koepke.
1:35 of 2nd period - Brad Richardson wins face-off versus Justin Dowling in Bears zone.
1:52 of 2nd period - Shot by Dennis Gilbert.
1:52 of 2nd period - Stopped by Mads Sogaard with a rebound.
1:54 of 2nd period - Shot by Jay Beagle.
1:54 of 2nd period - Stopped by Mads Sogaard with a rebound.
1:56 of 2nd period - Shot by Chad Krys.
1:56 of 2nd period - Stopped by Mads Sogaard without a rebound.
1:57 of 2nd period - Joe Thornton wins face-off versus Christoffer Ehn in Wolf Pack zone.
2:08 of 2nd period - Shot by Jeremy Bracco.
2:08 of 2nd period - Stopped by Spencer Martin without a rebound.
2:09 of 2nd period - Cole Bardreau wins face-off versus Justin Dowling in Bears zone.
2:40 of 2nd period - Icing by Gustav Olofsson.
2:41 of 2nd period - Zac Dalpe wins face-off versus Justin Dowling in Bears zone.
2:44 of 2nd period - Shot by Matt Donovan.
2:44 of 2nd period - Stopped by Spencer Martin without a rebound.
2:45 of 2nd period - Zac Dalpe wins face-off versus Arttu Ruotsalainen in Bears zone.
3:08 of 2nd period - Shot by Lean Bergmann.
3:08 of 2nd period - Stopped by Mads Sogaard without a rebound.
3:09 of 2nd period - Justin Dowling wins face-off versus Joe Thornton in Wolf Pack zone.
3:25 of 2nd period - Off-side.
3:26 of 2nd period - Zac Dalpe wins face-off versus Jay Beagle in neutral zone.
4:33 of 2nd period - Shot by Joona Luoto.
4:33 of 2nd period - Shot Blocked by Daniel Walcott.
4:36 of 2nd period - Icing by Jeremy Bracco.
4:37 of 2nd period - Christoffer Ehn wins face-off versus Joe Thornton in Wolf Pack zone.
5:45 of 2nd period - Justin Dowling is hit by Cole Bardreau.
6:06 of 2nd period - Shot by Nick Lappin.
6:06 of 2nd period - Goal by Nick Lappin - Wolf Pack : 2 - Bears : 1.
6:07 of 2nd period - Zac Dalpe wins face-off versus Arttu Ruotsalainen in neutral zone.
6:13 of 2nd period - Brad Richardson is hit by Lean Bergmann.
6:15 of 2nd period - Shot by Dave Gust.
6:15 of 2nd period - Stopped by Spencer Martin without a rebound.
6:16 of 2nd period - Shane Bowers wins face-off versus Arttu Ruotsalainen in Bears zone.
6:31 of 2nd period - Tyler Wotherspoon is hit by Beck Malenstyn and loses puck.
6:50 of 2nd period - Ty Ronning is hit by Lean Bergmann.
7:14 of 2nd period - Shot by Zac Dalpe .
7:14 of 2nd period - Shot Misses the Net.
7:22 of 2nd period - Shot by Brad Richardson.
7:22 of 2nd period - Stopped by Spencer Martin without a rebound.
7:23 of 2nd period - Justin Dowling wins face-off versus Joe Thornton in Bears zone.
7:34 of 2nd period - Shot by Joona Luoto.
7:34 of 2nd period - Stopped by Mads Sogaard without a rebound.
7:35 of 2nd period - Zac Dalpe wins face-off versus Tyrell Goulbourne in Wolf Pack zone.
7:44 of 2nd period - Off-side.
7:45 of 2nd period - Luke Witkowski wins face-off versus Justin Dowling in neutral zone.
7:57 of 2nd period - Shot by Joe Thornton.
7:57 of 2nd period - Stopped by Spencer Martin without a rebound.
7:58 of 2nd period - Zac Dalpe wins face-off versus Arttu Ruotsalainen in Bears zone.
7:58 of 2nd period - Tyler Wotherspoon is hit by Dennis Gilbert and loses puck.
8:10 of 2nd period - Off-side.
8:11 of 2nd period - Cole Koepke wins face-off versus Joe Thornton in neutral zone.
8:16 of 2nd period - Luke Witkowski is hit by Cole Koepke and loses puck.
8:25 of 2nd period - Jordie Benn is hit by Luke Witkowski and loses puck.
8:48 of 2nd period - Shot by Jeremy Bracco.
8:48 of 2nd period - Shot Misses the Net.
8:50 of 2nd period - Shot by Luke Witkowski.
8:50 of 2nd period - Stopped by Spencer Martin without a rebound.
8:51 of 2nd period - Arttu Ruotsalainen wins face-off versus Zac Dalpe in Bears zone.
9:02 of 2nd period - Shot by Arttu Ruotsalainen.
9:02 of 2nd period - Shot Misses the Net.
9:52 of 2nd period - Shot by Cole Bardreau.
9:52 of 2nd period - Deflect By Nick Lappin.
9:52 of 2nd period - Shot Misses the Net.
11:03 of 2nd period - Shot by Jeremy Bracco.
11:03 of 2nd period - Stopped by Spencer Martin without a rebound.
11:04 of 2nd period - Justin Dowling wins face-off versus Shane Bowers in Bears zone.
11:04 of 2nd period - Justin Dowling is hit by Emile Poirier.
11:13 of 2nd period - Cole Koepke is hit by Tyler Wotherspoon and loses puck.
11:26 of 2nd period - Shot by Justin Dowling.
11:26 of 2nd period - Shot Misses the Net.
11:28 of 2nd period - Shot by Gustav Olofsson.
11:28 of 2nd period - Stopped by Mads Sogaard without a rebound.
11:29 of 2nd period - Zac Dalpe wins face-off versus Jay Beagle in Wolf Pack zone.
11:29 of 2nd period - Zac Dalpe is hit by Jay Beagle.
11:35 of 2nd period - Shot by Dave Gust.
11:35 of 2nd period - Deflect By Zac Dalpe .
11:35 of 2nd period - Stopped by Spencer Martin without a rebound.
11:36 of 2nd period - Arttu Ruotsalainen wins face-off versus Zac Dalpe in Bears zone.
11:47 of 2nd period - Shot by Brad Richardson.
11:47 of 2nd period - Stopped by Spencer Martin without a rebound.
11:48 of 2nd period - Joe Thornton wins face-off versus Justin Dowling in Bears zone.
11:51 of 2nd period - Shot by Jeremy Bracco.
11:51 of 2nd period - Deflect By Luke Witkowski.
11:51 of 2nd period - Shot Blocked by Gustav Olofsson.
12:23 of 2nd period - Icing by Matt Donovan.
12:24 of 2nd period - Joe Thornton wins face-off versus Jay Beagle in Wolf Pack zone.
12:32 of 2nd period - Off-side.
12:33 of 2nd period - Arttu Ruotsalainen wins face-off versus Zac Dalpe in neutral zone.
12:55 of 2nd period - Dave Gust is hit by Beck Malenstyn and loses puck.
13:12 of 2nd period - Shot by Beck Malenstyn.
13:12 of 2nd period - Shot Blocked by Santerri Saari.
13:36 of 2nd period - Minor Penalty to Kyle Wood for Tripping.
13:37 of 2nd period - Justin Dowling wins face-off versus Shane Bowers in Wolf Pack zone.
13:38 of 2nd period - Shot by Joona Luoto.
13:38 of 2nd period - Stopped by Mads Sogaard without a rebound.
13:39 of 2nd period - Zac Dalpe wins face-off versus Justin Dowling in Wolf Pack zone.
13:47 of 2nd period - Off-side.
13:48 of 2nd period - Arttu Ruotsalainen wins face-off versus Zac Dalpe in neutral zone.
13:57 of 2nd period - Shot by Arttu Ruotsalainen.
13:57 of 2nd period - Shot Misses the Net.
14:07 of 2nd period - Shot by Arttu Ruotsalainen.
14:07 of 2nd period - Stopped by Mads Sogaard with a rebound.
14:09 of 2nd period - Shot by Jordie Benn.
14:09 of 2nd period - Stopped by Mads Sogaard without a rebound.
14:10 of 2nd period - Justin Dowling wins face-off versus Brad Richardson in Wolf Pack zone.
14:11 of 2nd period - Shot by Dennis Gilbert.
14:11 of 2nd period - Stopped by Mads Sogaard with a rebound.
14:13 of 2nd period - Shot by Dennis Gilbert.
14:13 of 2nd period - Stopped by Mads Sogaard with a rebound.
15:44 of 2nd period - Shot by Tyrell Goulbourne.
15:44 of 2nd period - Stopped by Mads Sogaard without a rebound.
15:45 of 2nd period - Christoffer Ehn wins face-off versus Luke Witkowski in Wolf Pack zone.
16:02 of 2nd period - Shot by Luke Witkowski.
16:02 of 2nd period - Shot Blocked by Kyle Burroughs.
16:12 of 2nd period - Shot by Luke Witkowski.
16:12 of 2nd period - Shot Misses the Net.
16:18 of 2nd period - Shot by Joe Thornton.
16:18 of 2nd period - Shot Misses the Net.
16:20 of 2nd period - Shot by Jeremy Bracco.
16:20 of 2nd period - Shot Blocked by Kyle Burroughs.
16:22 of 2nd period - Shot by Michael Kapla.
16:22 of 2nd period - Stopped by Spencer Martin with a rebound.
16:24 of 2nd period - Shot by Kyle Wood.
16:24 of 2nd period - Shot Misses the Net.
16:40 of 2nd period - Shot by Nick Lappin.
16:40 of 2nd period - Stopped by Spencer Martin with a rebound.
17:12 of 2nd period - Shot by Jay Beagle.
17:12 of 2nd period - Stopped by Mads Sogaard without a rebound.
17:13 of 2nd period - Justin Dowling wins face-off versus Shane Bowers in Wolf Pack zone.
17:25 of 2nd period - Shot by Shane Bowers.
17:25 of 2nd period - Shot Misses the Net.
17:47 of 2nd period - Shot by Ty Ronning.
17:47 of 2nd period - Stopped by Spencer Martin with a rebound.
17:49 of 2nd period - Shot by Tyler Wotherspoon.
17:49 of 2nd period - Goal by Tyler Wotherspoon - Wolf Pack : 3 - Bears : 1.
17:50 of 2nd period - Arttu Ruotsalainen wins face-off versus Zac Dalpe in neutral zone.
17:58 of 2nd period - Beck Malenstyn is hit by Kyle Wood and loses puck.
18:03 of 2nd period - Shot by Lean Bergmann.
18:03 of 2nd period - Shot Misses the Net.
18:09 of 2nd period - Shot by Lean Bergmann.
18:09 of 2nd period - Shot Misses the Net.
18:11 of 2nd period - Shot by Lean Bergmann.
18:11 of 2nd period - Stopped by Mads Sogaard without a rebound.
18:12 of 2nd period - Jay Beagle wins face-off versus Joe Thornton in Wolf Pack zone.
19:12 of 2nd period - Shot by Joona Luoto.
19:12 of 2nd period - Shot Hit the Post.
19:14 of 2nd period - Shot by Cole Koepke.
19:14 of 2nd period - Stopped by Mads Sogaard with a rebound.
19:18 of 2nd period - Shot by Joona Luoto.
19:18 of 2nd period - Stopped by Mads Sogaard with a rebound.
19:20 of 2nd period - Shot by Justin Dowling.
19:20 of 2nd period - Stopped by Mads Sogaard without a rebound.
19:21 of 2nd period - Christoffer Ehn wins face-off versus Zac Dalpe in Wolf Pack zone.
19:51 of 2nd period - Shot by Dave Gust.
19:51 of 2nd period - Shot Misses the Net.
19:57 of 2nd period - Shot by Zac Dalpe .
19:57 of 2nd period - Stopped by Spencer Martin without a rebound.
19:58 of 2nd period - Justin Dowling wins face-off versus Cole Bardreau in Bears zone.
Goals for this period are 2 for Wolf Pack vs 0 for Bears .
Shots for this period are 15 for Wolf Pack vs 19 for Bears .

3rd period


0:01 of 3rd period - Zac Dalpe wins face-off versus Justin Dowling in neutral zone.
0:01 of 3rd period - Zac Dalpe is hit by Cole Koepke.
0:05 of 3rd period - Joona Luoto is hit by Brad Richardson and loses puck.
0:20 of 3rd period - Shot by Brad Richardson.
0:20 of 3rd period - Shot Blocked by Gustav Olofsson.
0:22 of 3rd period - Shot by Tyler Wotherspoon.
0:22 of 3rd period - Shot Blocked by Jordie Benn.
0:24 of 3rd period - Shot by Brad Richardson.
0:24 of 3rd period - Stopped by Spencer Martin without a rebound.
0:25 of 3rd period - Arttu Ruotsalainen wins face-off versus Cole Bardreau in Bears zone.
0:25 of 3rd period - Arttu Ruotsalainen is hit by Nick Lappin.
0:38 of 3rd period - Arttu Ruotsalainen is hit by Daniel Walcott and loses puck.
0:57 of 3rd period - Icing by Santerri Saari.
0:58 of 3rd period - Cole Bardreau wins face-off versus Justin Dowling in Wolf Pack zone.
1:16 of 3rd period - Henri Ikonen is hit by Jordie Benn and loses puck.
1:35 of 3rd period - Shot by Zac Dalpe .
1:35 of 3rd period - Stopped by Spencer Martin with a rebound.
1:37 of 3rd period - Shot by Dave Gust.
1:37 of 3rd period - Stopped by Spencer Martin with a rebound.
3:07 of 3rd period - Icing by Kyle Wood.
3:08 of 3rd period - Joe Thornton wins face-off versus Christoffer Ehn in Wolf Pack zone.
3:35 of 3rd period - Shot by Tyrell Goulbourne.
3:35 of 3rd period - Stopped by Mads Sogaard with a rebound.
4:03 of 3rd period - Dennis Gilbert is hit by Dave Gust.
4:33 of 3rd period - Icing by Jordie Benn.
4:34 of 3rd period - Cole Bardreau wins face-off versus Justin Dowling in Bears zone.
4:59 of 3rd period - Shot by Joona Luoto.
4:59 of 3rd period - Deflect By Justin Dowling.
4:59 of 3rd period - Shot Misses the Net.
5:09 of 3rd period - Icing by Jordie Benn.
5:10 of 3rd period - Justin Dowling wins face-off versus Shane Bowers in Bears zone.
5:10 of 3rd period - Justin Dowling is hit by Emile Poirier.
5:36 of 3rd period - Shot by Christoffer Ehn.
5:36 of 3rd period - Stopped by Mads Sogaard with a rebound.
5:38 of 3rd period - Shot by Kyle Burroughs.
5:38 of 3rd period - Shot Misses the Net.
5:40 of 3rd period - Shot by Christoffer Ehn.
5:40 of 3rd period - Goal by Christoffer Ehn - Wolf Pack : 3 - Bears : 2.
5:41 of 3rd period - Arttu Ruotsalainen wins face-off versus Zac Dalpe in neutral zone.
5:49 of 3rd period - Icing by Brad Richardson.
5:50 of 3rd period - Zac Dalpe wins face-off versus Jay Beagle in Wolf Pack zone.
6:15 of 3rd period - Beck Malenstyn is hit by Brad Richardson and loses puck.
7:06 of 3rd period - Shot by Tyrell Goulbourne.
7:06 of 3rd period - Shot Misses the Net.
7:08 of 3rd period - Shot by Gustav Olofsson.
7:08 of 3rd period - Stopped by Mads Sogaard with a rebound.
7:19 of 3rd period - Christoffer Ehn is hit by Kyle Wood and loses puck.
8:00 of 3rd period - Icing by Dennis Gilbert.
8:01 of 3rd period - Justin Dowling wins face-off versus Henri Ikonen in Bears zone.
8:14 of 3rd period - Shot by Henri Ikonen.
8:14 of 3rd period - Stopped by Spencer Martin with a rebound.
8:24 of 3rd period - Shot by Nick Lappin.
8:24 of 3rd period - Deflect By Henri Ikonen.
8:24 of 3rd period - Stopped by Spencer Martin without a rebound.
8:25 of 3rd period - Arttu Ruotsalainen wins face-off versus Zac Dalpe in Bears zone.
8:37 of 3rd period - Dave Gust is hit by Jordie Benn and loses puck.
8:54 of 3rd period - Shot by Dave Gust.
8:54 of 3rd period - Shot Misses the Net.
9:29 of 3rd period - Shot by Nick Lappin.
9:29 of 3rd period - Stopped by Spencer Martin without a rebound.
9:30 of 3rd period - Justin Dowling wins face-off versus Emile Poirier in Bears zone.
9:37 of 3rd period - Shot by Cole Koepke.
9:37 of 3rd period - Shot Misses the Net.
9:43 of 3rd period - Shot by Shane Bowers.
9:43 of 3rd period - Stopped by Spencer Martin with a rebound.
9:48 of 3rd period - Ty Ronning is hit by Chad Krys and loses puck.
9:58 of 3rd period - Minor Penalty to Ty Ronning for Interference.
9:59 of 3rd period - Zac Dalpe wins face-off versus Justin Dowling in Wolf Pack zone.
9:59 of 3rd period - Zac Dalpe is hit by Justin Dowling.
10:41 of 3rd period - Santerri Saari is hit by Buddy Robinson and loses puck.
11:31 of 3rd period - Shot by Brad Richardson.
11:31 of 3rd period - Shot Misses the Net.
11:33 of 3rd period - Shot by Luke Witkowski.
11:33 of 3rd period - Goal by Luke Witkowski - Wolf Pack : 4 - Bears : 2.
11:34 of 3rd period - Brad Richardson wins face-off versus Arttu Ruotsalainen in neutral zone.
12:24 of 3rd period - Shot by Henri Ikonen.
12:24 of 3rd period - Stopped by Spencer Martin without a rebound.
12:25 of 3rd period - Jay Beagle wins face-off versus Shane Bowers in Bears zone.
12:56 of 3rd period - Shot by Shane Bowers.
12:56 of 3rd period - Stopped by Spencer Martin with a rebound.
12:58 of 3rd period - Shot by Tyler Wotherspoon.
12:58 of 3rd period - Stopped by Spencer Martin with a rebound.
14:07 of 3rd period - Shot by Jeremy Bracco.
14:07 of 3rd period - Stopped by Spencer Martin with a rebound.
15:30 of 3rd period - Jordie Benn is hit by Tyler Wotherspoon and loses puck.
15:49 of 3rd period - Shot by Arttu Ruotsalainen.
15:49 of 3rd period - Stopped by Mads Sogaard with a rebound.
15:51 of 3rd period - Shot by Arttu Ruotsalainen.
15:51 of 3rd period - Shot Misses the Net.
15:58 of 3rd period - Arttu Ruotsalainen is hit by Matt Donovan.
16:52 of 3rd period - Shot by Buddy Robinson.
16:52 of 3rd period - Stopped by Mads Sogaard without a rebound.
16:53 of 3rd period - Henri Ikonen wins face-off versus Arttu Ruotsalainen in Wolf Pack zone.
17:19 of 3rd period - Beck Malenstyn is hit by Daniel Walcott and loses puck.
17:20 of 3rd period - Minor Penalty to Daniel Walcott for High sticking.
17:21 of 3rd period - Justin Dowling wins face-off versus Shane Bowers in Wolf Pack zone.
18:47 of 3rd period - Off-side.
18:48 of 3rd period - Joe Thornton wins face-off versus Justin Dowling in neutral zone.
19:12 of 3rd period - Shot by Dennis Gilbert.
19:12 of 3rd period - Stopped by Mads Sogaard with a rebound.
19:52 of 3rd period - Icing by Kyle Burroughs.
19:53 of 3rd period - Shane Bowers wins face-off versus Christoffer Ehn in Bears zone.
Goals for this period are 1 for Wolf Pack vs 1 for Bears .
Shots for this period are 12 for Wolf Pack vs 7 for Bears .